 Dungeon Crawl Stone Soup version 0.32-a0-18-g89e19f1974 (webtiles) character file.

Game seed: 9762503974066746229

28 Malachi the Cudgeller (level 3, 0/30 HPs)
             Began as a Ghoul Gladiator on Jan 16, 2024.
             Was a Follower of Nemelex Xobeh.
             Slain by Sigmund
             ... wielding a +0 scythe
              (3 damage)
             ... on level 2 of the Dungeon.
             The game lasted 00:01:01 (586 turns).

Malachi the Cudgeller (Ghoul Gladiator)              Turns: 586, Time: 00:01:02

Health: 0/30       AC:  5    Str: 19    XL:     3   Next: 14%
Magic:  3/3        EV: 12    Int:  7    God:    Nemelex Xobeh [*.....]
Gold:   90         SH:  0    Dex: 10    Spells: 2/2 levels left

rFire   . . .        a - +0 flail
rCold   + . .        (no shield)
rNeg    + + +        b - +0 leather armour
rPois   ∞            c - +0 helmet
rElec   .            (no cloak)
rCorr   .            h - +0 pair of gloves
SInv    .            (no boots)
Will    .....        (no amulet)
Stlth   +            (no ring)
HPRegen 0.00/turn    (no ring)
MPRegen 0.08/turn

%: no passive effects
@: inhibited regen
A: claws 1, cold resistance 1, negative energy resistance 3, inhibited
regeneration, torment resistance 2, devour on kill
a: Renounce Religion, Draw Escape, Draw Destruction, Draw Summoning


You were on level 2 of the Dungeon.
You worshipped Nemelex Xobeh.
Nemelex Xobeh was aware of your devotion.
You visited 1 branch of the dungeon, and saw 2 of its levels.

You collected 90 gold pieces.

Inventory:

Hand Weapons
 a - a +0 flail (weapon)
Missiles
 d - 3 throwing nets (quivered)
 e - 5 javelins
Armour
 b - a +0 leather armour (worn)
 c - a +0 helmet (worn)
 h - a +0 pair of gloves (worn)
Scrolls
 i - a scroll of fear {unknown}
 j - a scroll of brand weapon {unknown}
Potions
 f - a potion of curing {unknown}
 g - a potion of heal wounds {unknown}


   Skills:
 + Level 2.8 Fighting
 * Level 3.3 Maces & Flails
 - Level 1.9 Throwing
 - Level 2.8 Dodging


You had 2 spell levels left.
You didn't know any spells.
Your spell library contained the following spells:

 Spells                   Type           Power      Damage    Failure   Level
 Hailstorm                Conj/Ice       0%         3d5       86%         3
 Summon Ice Beast         Ice/Summ       0%         N/A       86%         3
 Sculpt Simulacrum        Ice/Alch       0%         N/A       100%        6


Dungeon Overview and Level Annotations

Branches:
Dungeon (2/15)

Altars:
Nemelex Xobeh

Shops:
D:1 [

Annotations:
D:2 Sigmund


Innate Abilities, Weirdness & Mutations

You are immune to poison.
You have sharp fingernails.
Your flesh is cold resistant. (rC+)
You are immune to negative energy. (rN+++)
You do not regenerate when monsters are visible.
You are immune to unholy pain and torment.
You thrive by killing the living.


Message History

No target in view!
No target in view!
No target in view!
No target in view!
No target in view!
No target in view!
No target in view!
No target in view!
No target in view!
No target in view!
Sigmund is nearby!
Sigmund is nearby!
Sigmund is nearby!
Sigmund is nearby!
Sigmund shouts!
Sigmund points at you and mumbles some strange words.
You resist with significant effort. Sigmund barely misses you.
You sock Sigmund!
Sigmund is moderately wounded.
You closely miss Sigmund.
Sigmund is moderately wounded.
Sigmund mumbles some strange words.
Sigmund flickers and vanishes!
Deactivating autopickup; reactivate with Ctrl-A.
You hear some strange, mumbled words.
A magic dart appears from out of thin air!
The magic dart hits you.
You miss something. Something hits you.
You hit something. Something hits you but does no damage.
You miss something. You barely miss something. Something hits you.
You miss something. Something hits you.
You miss something. Your punch misses something. Something hits you!
* * * LOW HITPOINT WARNING * * *
You closely miss something. Something hits you.
* * * LOW HITPOINT WARNING * * *
You barely miss something. Something hits you.
You die...
Your body disappears without a glow.

#.########..'...#....#
#.......)####...#....#
#........# #.........#
#........# #.........#
##.......# #.........#
#.......# #.....#####
####.#### #.....#
######{.########<##
#.......@...#######
#$#######......#
##.....### ##......#
#.†..#..# #†#### #.#
... ...


There were no monsters in sight!

Vanquished Creatures
  A ball python (D:2)
  A giant cockroach (D:1)
  2 goblins (D:1)
  5 hobgoblins (D:1)
  6 jackals
  A quokka (D:2)
  2 bats (D:1)
  A frilled lizard (D:1)
  2 kobolds
  3 rats
24 creatures vanquished.

Notes
Turn   | Place    | Note
-------+----------+-------------------------------------------
     0 | D:1      | Malachi the Ghoul Gladiator began the quest for the Orb.
     0 | D:1      | Reached XP level 1. HP: 17/17 MP: 1/1
   135 | D:1      | Reached XP level 2. HP: 23/25 MP: 2/2
   264 | D:1      | Reached skill level 3 in Maces & Flails
   340 | D:1      | Found Toanlan's Armour Shoppe.
   454 | D:1      | Found a faded altar of an unknown god.
   467 | D:1      | Prayed at the altar of an unknown god.
   467 | D:1      | Became a worshipper of Nemelex Xobeh the Trickster
   467 | D:1      | Reached * piety under Nemelex Xobeh
   557 | D:2      | Noticed Sigmund
   563 | D:2      | Reached XP level 3. HP: 30/30 MP: 3/3
   586 | D:2      | Slain by Sigmund

Illustrated notes

Levels and vault maps discovered:
D:1:      minmay_arrival_solitary_statue, layout_rooms, serial_shops,
          nicolae_lakefront_shop, hellmonk_ecumenical_altar_prayer_group
D:2:      layout_basic, basic_altar, uniq_sigmund, uniq_terence

Skill      XL: |  1  2 |
---------------+-------+-----
Maces & Flails | 3 |  3.3
Fighting       | |  2.8
Throwing       | |  1.9
Dodging        | |  2.8

Action                     || total
---------------------------++-------
  Melee: Flail             ||    76
         Punch             ||     1
 Armour: Leather armour    ||    48
  Dodge: Dodged            ||    50

Table legend: (Time is in decaauts)
 A = Elapsed time spent in this place.
 B = Non-inter-level travel time spent in this place.
 C = Inter-level travel time spent in this place.
 D = Time resting spent in this place.
 E = Time spent auto-exploring this place.
 F = Levels seen in this place.
 G = Mean time per level.
                   A        B        C        D        E       F      G
               +--------+--------+--------+--------+--------+-----+--------+
         Total |    604 |    572 |     32 |      0 |    385 |   2 |  302.0 |
       Dungeon |    604 |    572 |     32 |      0 |    385 |   2 |  302.0 |
               +--------+--------+--------+--------+--------+-----+--------+

Top non-repeatable levels by time:
     D:1: 512 daAuts
     D:2: 91 daAuts
